 Dungeon Crawl Stone Soup version 0.26-a0-43-g20b394cb32 (console) character file.

Game seed: 3170740603659655580, levelgen mode: classic

15455480 skumtomte the Middleweight Champion (level 27, 231/264 (273) HPs)
             Began as a Ghoul Monk on June 2, 2020.
             Was a High Priest of Okawaru.
             Escaped with the Orb
             ... and 15 runes!
             The game lasted 05:18:08 (102131 turns).

skumtomte the Middleweight Champion (Ghoul Monk)  Turns: 102131, Time: 05:18:08

HP:   231/264 (273) AC: 44    Str: 31    XL:     27
MP:   46/46         EV: 23    Int:  8    God:    Okawaru [*****.]
Gold: 14791         SH: 34    Dex: 18    Spells: 26/26 levels left

rFire    + + +     SeeInvis +     - Unarmed
rCold    + + .     Gourm    .   M - +2 tower shield {reflect}
rNeg     + + +     Faith    .   T - +11 gold dragon scales
rPois    ∞         Spirit   .   L - +0 mask of the Dragon {MR+ Slay+3 SInv}
rElec    +         Reflect  +   E - scarf {+Inv}
rCorr    +         Harm     .   a - +0 pair of gloves "Ugretih" {MR+ rCorr}
MR       +++++                  e - +2 pair of boots {run}
Stlth    ..........             o - amulet of Grace {Reflect rElec MR+++ MP+9 Dex+4 SH+5}
HPRegen  0.54/turn              C - ring "Etilewof" {rF+ rN+ Str+4 Dex+3 Slay+2}
MPRegen  0.30/turn              v - ring "Utsiny" {+Fly rElec rF+ rN+ Str+2}

@: rotting, quick
A: rotting body, claws 1, carnivore, cold resistance 1, negative energy
resistance 3, inhibited regeneration, torment resistance, unbreathing
0: Orb of Zot
}: 15/15 runes: serpentine, barnacled, slimy, silver, golden, iron, obsidian,
icy, bone, abyssal, demonic, glowing, magical, fiery, dark
a: Heroism, Finesse, Renounce Religion, Evoke Invisibility, Evoke Flight


You escaped.
You worshipped Okawaru.
Okawaru was extremely pleased with you.
You were not hungry.

You visited 18 branches of the dungeon, and saw 90 of its levels.
You visited Pandemonium 1 time, and saw 26 of its levels.
You visited the Abyss 2 times.
You visited 1 bazaar.
You also visited: Bailey and Gauntlet.

You collected 17580 gold pieces.
You spent 2789 gold pieces at shops.

Inventory:

Missiles
 u - 44 curare-tipped darts {!f}
 y - 89 javelins
 z - 96 silver javelins (quivered)
 H - 46 boomerangs of dispersal
 K - 9 throwing nets {!f}
Armour
 a - the +0 pair of gloves "Ugretih" (worn) {MR+ rCorr}
   (Okawaru gifted it to you on level 3 of the Depths)

   It affects your resistance to hostile enchantments.
   It provides partial protection from all sources of acid and corrosion.
 e - a +2 pair of boots of running (worn)
 E - a scarf of invisibility (worn)
 I - the +4 hat of the Good {MR+}
   (Okawaru gifted it to you on level 4 of the Lair of Beasts)

   It affects your resistance to hostile enchantments.
 L - the +0 mask of the Dragon (worn) {MR+ Slay+3 SInv}
   (You found it on level 7 of the Iron City of Dis)

   It affects your accuracy and damage with ranged weapons and melee attacks
   (+3).
   It affects your resistance to hostile enchantments.
   It lets you see invisible.
 M - a +2 tower shield of reflection (worn)
 T - +11 gold dragon scales (worn)
Jewellery
 i - the ring of Yrau {rC++ rN+ Str+2}
   (You found it on level 3 of the Depths)

   [ring of positive energy]

   It affects your strength (+2).
   It greatly protects you from cold.
   It protects you from negative energy.
 o - the amulet of Grace (around neck) {Reflect rElec MR+++ MP+9 Dex+4 SH+5}
   (You found it on level 3 of the Tomb of the Ancients)

   [amulet of reflection]

   It shields you and reflects attacks.
   It affects your dexterity (+4).
   It insulates you from electricity.
   It affects your resistance to hostile enchantments.
   It affects your magic capacity (+9).
   It affects your SH (+5).
 v - the ring "Utsiny" (right hand) {+Fly rElec rF+ rN+ Str+2}
   (You found it on level 7 of the Iron City of Dis)

   [ring of flight]

   It affects your strength (+2).
   It protects you from fire.
   It insulates you from electricity.
   It protects you from negative energy.
   It lets you fly.
 w - the ring of Atsi {rElec rC+ AC+4 Slay+2}
   (You acquired it on level 13 of the Dungeon)

   [ring of protection]

   It affects your AC (+4).
   It affects your accuracy and damage with ranged weapons and melee attacks
   (+2).
   It protects you from cold.
   It insulates you from electricity.
 C - the ring "Etilewof" (left hand) {rF+ rN+ Str+4 Dex+3 Slay+2}
   (You found it on level 3 of the Crypt)

   [ring of positive energy]

   It affects your strength (+4).
   It affects your dexterity (+3).
   It affects your accuracy and damage with ranged weapons and melee attacks
   (+2).
   It protects you from fire.
   It protects you from negative energy.
 J - an uncursed amulet of regeneration
 Z - the ring "Uthraobra" {rC+ Dex+3 SInv}
   (You found it on level 5 of the Pits of Slime)

   [ring of protection from cold]

   It affects your dexterity (+3).
   It protects you from cold.
   It lets you see invisible.
Wands
 q - a wand of clouds (12)
 A - a wand of iceblast (25)
 G - a wand of paralysis (45)
 P - a wand of acid (67)
 W - a wand of digging (20)
 X - a wand of disintegration (80)
Scrolls
 b - 3 scrolls of summoning
 g - 24 scrolls of remove curse
 k - 6 scrolls of magic mapping
 l - 2 scrolls of blinking
 n - 11 scrolls of immolation
 r - 10 scrolls of identify
 t - 3 scrolls of teleportation
 D - 3 scrolls of silence {!r}
 O - 7 scrolls of fog
 U - 6 scrolls of torment
 Y - 4 scrolls of fear
Potions
 d - a potion of resistance {!q}
 h - 4 potions of might
 j - 4 potions of ambrosia
 x - 25 potions of curing
 B - 10 potions of flight
 F - 8 potions of haste
 R - 2 potions of invisibility
 S - a potion of heal wounds
Miscellaneous
 f - a phial of floods
 m - a figurine of a ziggurat
 p - 8 boxes of beasts
 s - a lightning rod (4/4)
 N - a tin of tremorstones (2/3)
 Q - 10 phantom mirrors
Comestibles
 c - 122 rations


   Skills:
 O Level 27 Fighting
 - Level 20.0 Throwing
 O Level 27 Armour
 + Level 24.9 Dodging
 - Level 2.1 Stealth
 - Level 25.0 Shields
 O Level 27 Unarmed Combat
 - Level 9.0 Invocations
 + Level 22.4 Evocations


You had 26 spell levels left.
You didn't know any spells.
Your spell library contained the following spells:

 Spells                   Type           Power        Failure   Level  Hunger
 Animate Skeleton         Necr           N/A          91%         1    ##.....
 Apportation              Tloc           #.....       91%         1    ##.....
 Corona                   Hex            #......      91%         1    ##.....
 Foxfire                  Conj/Fire      #...         91%         1    ##.....
 Freeze                   Ice            #...         91%         1    ##.....
 Infusion                 Chrm           #...         91%         1    ##.....
 Magic Dart               Conj           #...         91%         1    ##.....
 Pain                     Necr           #...         91%         1    ##.....
 Sandblast                Erth           #.....       91%         1    ##.....
 Shock                    Conj/Air       #...         91%         1    ##.....
 Sting                    Tmut/Pois      #...         91%         1    ##.....
 Summon Butterflies       Summ           #.......     91%         1    ##.....
 Summon Small Mammal      Summ           #...         91%         1    ##.....
 Blink                    Tloc           N/A          97%         2    ###....
 Call Imp                 Summ           #.......     97%         2    ###....
 Corpse Rot               Necr/Air       N/A          97%         2    ###....
 Ensorcelled Hibernation  Hex/Ice        #.....       97%         2    ###....
 Passwall                 Tmut/Erth      #.......     97%         2    ###....
 Poisonous Vapours        Pois/Air       #.....       97%         2    ###....
 Searing Ray              Conj           #.....       97%         2    ###....
 Shroud of Golubria       Chrm/Tloc      #.....       97%         2    ###....
 Slow                     Hex            #.......     97%         2    ###....
 Song of Slaying          Chrm           #.......     97%         2    ###....
 Sticks to Snakes         Tmut           #.......     97%         2    ###....
 Swiftness                Chrm/Air       #.......     97%         2    ###....
 Call Canine Familiar     Summ           #.......     100%        3    ####...
 Confusing Touch          Hex            #.......     100%        3    ####...
 Conjure Flame            Conj/Fire      #.......     100%        3    ####...
 Dazzling Flash           Conj/Hex       #.....       100%        3    ####...
 Frozen Ramparts          Ice            #.....       100%        3    ####...
 Gell's Gravitas          Tloc           #.........   100%        3    ####...
 Ignite Poison            Fire/Tmut/Pois #.......     100%        3    ####...
 Inner Flame              Hex/Fire       #.......     100%        3    ####...
 Lesser Beckoning         Tloc           #.........   100%        3    ####...
 Mephitic Cloud           Conj/Pois/Air  #.......     100%        3    ####...
 Ozocubu's Armour         Chrm/Ice       #.......     100%        3    ####...
 Portal Projectile        Hex/Tloc       #.....       100%        3    ####...
 Recall                   Summ/Tloc      N/A          100%        3    ####...
 Spectral Weapon          Hex/Chrm       #.......     100%        3    ####...
 Static Discharge         Conj/Air       #.......     100%        3    ####...
 Stone Arrow              Conj/Erth      #.....       100%        3    ####...
 Summon Guardian Golem    Hex/Summ       #.......     100%        3    ####...
 Teleport Other           Tloc           #.......     100%        3    ####...
 Tukima's Dance           Hex            #.......     100%        3    ####...
 Vampiric Draining        Necr           #.........   100%        3    ####...
 Animate Dead             Necr           N/A          100%        4    #####..
 Cause Fear               Hex            #.........   100%        4    #####..
 Dispel Undead            Necr           #.......     100%        4    #####..
 Fulminant Prism          Conj/Hex       #.........   100%        4    #####..
 Iskenderun's Mystic Bla  Conj/Tloc      #.......     100%        4    #####..
 Leda's Liquefaction      Hex/Erth       #.........   100%        4    #####..
 Petrify                  Tmut/Erth      #.......     100%        4    #####..
 Sticky Flame             Conj/Fire      #.......     100%        4    #####..
 Summon Ice Beast         Ice/Summ       #.......     100%        4    #####..
 Summon Lightning Spire   Summ/Air       #.......     100%        4    #####..
 Agony                    Necr           #.......     100%        5    ######.
 Alistair's Intoxication  Tmut/Pois      #.......     100%        5    ######.
 Aura of Abjuration       Summ           #.........   100%        5    ######.
 Bolt of Magma            Conj/Fire/Erth #.........   100%        5    ######.
 Borgnjor's Vile Clutch   Necr/Erth      #.........   100%        5    ######.
 Excruciating Wounds      Chrm/Necr      #.........   100%        5    ######.
 Fireball                 Conj/Fire      #.........   100%        5    ######.
 Irradiate                Conj/Tmut      #.........   100%        5    ######.
 Iskenderun's Battlesphe  Conj/Chrm      #.......     100%        5    ######.
 Lightning Bolt           Conj/Air       #.........   100%        5    ######.
 Metabolic Englaciation   Hex/Ice        #.........   100%        5    ######.
 Silence                  Hex/Air        #.........   100%        5    ######.
 Summon Demon             Summ           #.........   100%        5    ######.
 Summon Forest            Summ/Tloc      #.........   100%        5    ######.
 Summon Mana Viper        Hex/Summ       #.......     100%        5    ######.
 Yara's Violent Unravell  Hex/Tmut       #.........   100%        5    ######.
 Conjure Ball Lightning   Conj/Air       #.........   100%        6    #######
 Death Channel            Necr           #.........   100%        6    #######
 Eringya's Noxious Bog    Tmut/Pois      #.........   100%        6    #######
 Freezing Cloud           Conj/Ice/Air   #.........   100%        6    #######
 Invisibility             Hex            #.......     100%        6    #######
 Iron Shot                Conj/Erth      #.........   100%        6    #######
 Ozocubu's Refrigeration  Ice            #.........   100%        6    #######
 Shadow Creatures         Summ           N/A          100%        6    #######
 Simulacrum               Ice/Necr       #.........   100%        6    #######
 Starburst                Conj/Fire      #.........   100%        6    #######
 Haunt                    Necr/Summ      #.........   100%        7    #######
 Orb of Destruction       Conj           #.........   100%        7    #######
 Ring of Flames           Chrm/Fire      #.........   100%        7    #######
 Spellforged Servitor     Conj/Summ      #.........   100%        7    #######
 Summon Hydra             Summ           #.........   100%        7    #######
 Chain Lightning          Conj/Air       #.........   100%        8    #######
 Discord                  Hex            #.........   100%        8    #######
 Ignition                 Fire           #.........   100%        8    #######
 Infestation              Necr           #.........   100%        8    #######
 Lehudib's Crystal Spear  Conj/Erth      #.........   100%        8    #######
 Absolute Zero            Ice            #.........   100%        9    #######
 Dragon's Call            Summ           #.........   100%        9    #######
 Fire Storm               Conj/Fire      #.........   100%        9    #######
 Shatter                  Erth           #.........   100%        9    #######
 Tornado                  Air            #.........   100%        9    #######
 Beastly Appendage        Tmut           Unusable     N/A         1    N/A
 Sublimation of Blood     Necr           Unusable     N/A         2    N/A
 Spider Form              Tmut/Pois      Unusable     N/A         3    N/A
 Ice Form                 Ice/Tmut       Unusable     N/A         4    N/A
 Passage of Golubria      Tloc           Unusable     N/A         4    N/A
 Blade Hands              Tmut           Unusable     N/A         5    N/A
 Hydra Form               Tmut           Unusable     N/A         6    N/A
 Statue Form              Tmut/Erth      Unusable     N/A         6    N/A
 Dragon Form              Tmut           Unusable     N/A         7    N/A
 Borgnjor's Revivificati  Necr           Unusable     N/A         8    N/A
 Death's Door             Chrm/Necr      Unusable     N/A         8    N/A
 Necromutation            Tmut/Necr      Unusable     N/A         8    N/A

Dungeon Overview and Level Annotations

Branches:
Dungeon (15/15)            Temple (1/1) D:5            Lair (6/6) D:10
 Shoals (4/4) Lair:4        Snake (4/4) Lair:4        Slime (5/5) Lair:5
    Orc (2/2) D:12            Elf (3/3) Orc:2        Vaults (5/5) D:14
  Crypt (3/3) Vaults:3       Tomb (3/3) Crypt:3      Depths (5/5) D:15
   Hell (visited)             Dis (7/7) Hell            Geh (7/7) Hell
    Coc (7/7) Hell            Tar (7/7) Hell            Zot (5/5) Depths:5
 Bailey (visited)         Gauntlet (visited)

Altars:
Ashenzari
Cheibriados
Dithmenos
Elyvilon
Fedhas
Gozag
Hepliaklqana
Kikubaaqudgha
Makhleb
Nemelex Xobeh
Okawaru
Qazlal
Ru
Sif Muna
Trog
Uskayaw
Vehumet
Wu Jian
Xom
Yredelemnul
Zin
The Shining One
Beogh
Jiyva

Shops:
D:5 }   D:9 !   D:10 *   D:11 ?   Orc:2 (*=[   Shoals:3 }*   Snake:1 [
Snake:2 %   Snake:3 =   Snake:4 }   Vaults:4 (

Portals:
Hell: Depths:1 Depths:2 Depths:3 Depths:4 Depths:5
Abyss: Depths:4
Pandemonium: Depths:3
Ziggurat: Depths:5

Annotations:
D:8 1 runed translucent door
Tar:2 10 runed doors


Innate Abilities, Weirdness & Mutations

Your body is rotting away.
You thrive on raw meat.
You are immune to poison.
You have sharp fingernails.
You are carnivorous and can eat meat at any time.
Your flesh is cold resistant. (rC+)
You are immune to negative energy. (rN+++)
You do not regenerate when monsters are visible.
You are immune to unholy pain and torment.
You can survive without breathing.


Message History

You block the soul eater's attack.
You hit the soul eater.
The soul eater is lightly wounded.
You hit the soul eater but do no damage.
The soul eater is lightly wounded.
Your hands slow down.
You pulverise the soul eater!!!
The soul eater is severely wounded.
You block the soul eater's attack.
You hit the soul eater but do no damage.
The soul eater is severely wounded.
You pummel the soul eater!!
You kill the soul eater!
Okawaru accepts your kill.
A chaos spawn comes into view.
You feel like a meek peon again.
You enter the shallow water.
Moving in this stuff is going to be slow.
There is a staircase leading out of the dungeon here.
You have escaped!

♣♣♣♣♣♣####
♣........###### ##
♣♣♣.@..≈≈≈≈≈≈≈≈≈####≈
♣.....≈≈≈≈≈≈≈≈≈##..##
♣♣.................8.#
♣♣.........≈≈≈≈≈≈##..##
♣♣..............≈≈≈####≈
♣♣.................≈≈≈≈≈≈
♣........########.....)..
♣##'#....#..≈≈≈≈#........
♣#..######...≈≈≈#########


There were no monsters in sight!

Vanquished Creatures
  Cerebov (Pan)
  Antaeus (Coc:7)
  Asmodeus (Geh:7)
  the Royal Jelly (Slime:5)
  Ereshkigal (Tar:7)
  Dissolution (Slime:4)
  Gloorx Vloq (Pan)
  the Serpent of Hell (Tar:7)
  A seraph (Pan)
  Mnoleg (Pan)
  Lom Lobon (Pan)
  Dispater (Dis:7)
  6 orbs of fire
  Mara (Vaults:2)
  16 ancient liches
  The ghost of Majang the Sorcerer, a legendary GrEE of Vehumet (Zot:1)
  Boris (thrice) (Crypt:3 Vaults:5 Depths:1)
  33 greater mummies
  Margery (Vaults:2)
  Saint Roka (Vaults:5)
  A Killer Klown (Zot:5)
  15 shard shrikes
  2 curse toes
  A caustic shrike (Zot:5)
  Geryon (Hell)
  Jory (Depths:3)
  A profane servitor (Abyss:2)
  12 golden dragons
  18 Brimstone Fiends
  10 doom hounds
  25 Tzitzimimeh
  15 bone dragons
  4 electric golems
  36 large abominations
  2 iron giants
  A hellephant (Zot:4)
  11 Ice Fiends
  Jorgrun (Shoals:1)
  22 tentacled monstrosities
  A deep elf blademaster (Elf:3)
  10 titans
  27 Orb Guardians
  10 Hell Sentinels
  A deep elf master archer (Elf:3)
  10 quicksilver dragons
  15 liches
  24 acid blobs
  A kraken (Shoals:4)
  13 sphinxes
  8 death cobs
  16 tentacled starspawn
  2 eldritch tentacles
  13 Executioners
  7 pandemonium lords
  5 tengu reavers
  14 ancient champions
  31 shadow dragons
  7 draconian monks
  15 storm dragons
  4 revenants
  Roxanne (Snake:1)
  17 azure jellies
  4 nagarajas
  5 fire giants
  3 daevas (Pan)
  13 vault wardens
  9 frost giants
  9 deep elf sorcerers
  2 black suns (Pan)
  4 warmongers (Pan)
  3 orc warlords
  9 iron dragons
  4 draconian knights
  7 draconian scorchers
  4 corrupters (Pan)
  4 curse skulls
  Aizul (Snake:3)
  Louise (Elf:1)
  A ghost moth (Zot:5)
  A deep elf elementalist (Elf:3)
  7 draconian annihilators
  30 balrugs
  43 very ugly things
  2 draconian stormcallers
  2 ghouls (Crypt:2)
  10 ironheart preservers
  21 angels (Pan)
  53 reapers
  A spriggan defender (Depths:4)
  2 draconian shifters
  7 war gargoyles
  22 cacodemons
  2 elemental wellsprings
  Nessos (Orc:2)
  A blood saint (Pan)
  3 green draconians
  2 entropy weavers
  18 stone giants
  5 vampire knights
  9 ophanim (Pan)
  18 bennus
  9 apis (Pan)
  10 black draconians
  5 deep elf demonologists (Elf:3)
  A minotaur (Gauntlet)
  11 lorocyprocas
  A dire elephant (Lair:6)
  3 white draconians (Zot:1)
  The ghost of nubinia the Zephyrmancer, a journeyman TeCj of Vehumet (Lair:6)
  6 yellow draconians
  7 red draconians
  7 deep elf annihilators
  10 purple draconians
  An eidolon (Vaults:3)
  7 merfolk javelineers
  18 blizzard demons
  10 deep elf death magi
  Snorg (Lair:3)
  22 green deaths
  11 jiangshi
  Josephine (Orc:2)
  17 ettins
  6 fire dragons
  28 mummy priests
  6 death oozes
  9 great orbs of eyes
  7 merfolk impalers
  8 quicksilver dragon skeletons
  23 yaktaur captains
  2 kraken zombies (Coc:7)
  7 rakshasas
  4 quicksilver dragon zombies
  5 monstrous demonspawn (Pan)
  19 small abominations
  8 deep elf high priests
  A crystal guardian (Vaults:3)
  Harold (Lair:1)
  22 naga warriors
  3 hell beasts
  21 ice dragons
  A spriggan air mage (Depths:5)
  A ghost crab (Tar:5)
  7 hydras
  27 vault guards
  4 merfolk avatars
  3 catoblepae
  An alligator snapping turtle (Shoals:1)
  6 centaur warriors
  3 death knights
  10 anacondas
  4 satyrs
  34 two-headed ogres
  3 merfolk aquamancers
  30 dancing weapons
  96 death scarabs
  7 deep troll shamans
  9 ogre magi
  4 deep troll earth magi
  19 death yaks
  16 hell hogs
  17 vampire magi
  11 titan zombies
  41 sun demons
  2 spriggan berserkers
  A tengu warrior (Depths:1)
  9 naga sharpshooters
  An orc high priest (Orc:2)
  15 thrashing horrors
  12 deep elf knights
  5 storm dragon zombies
  Nergalle (Orc:2)
  A fire crab (Lair:1)
  2 iron golems (Depths:4)
  9 titan skeletons
  11 shock serpents
  36 soul eaters
  23 shadow wraiths
  2 salamander mystics
  14 wretched stars
  A death drake (Tar:6)
  119 skeletal warriors
  33 hell knights
  4 spatial maelstroms
  11 cherubim (Pan)
  16 iron trolls
  29 sixfirhies
  8 golden dragon zombies
  3 ghost moth zombies
  7 storm dragon skeletons
  13 flayed ghosts
  3 gelid demonspawn (Pan)
  20 deep trolls
  6 infernal demonspawn
  11 anaconda zombies
  13 ironbrand convokers
  3 unseen horrors (Vaults:1)
  A kraken simulacrum (Hell)
  An obsidian statue (Tomb:1)
  An orange crystal statue (Zot:5)
  12 wizards
  15 sea snakes
  32 shadow demons
  7 glowing orange brains
  10 mana vipers
  5 naga ritualists
  5 shadow dragon zombies
  10 anaconda skeletons
  16 deep elf archers
  3 torturous demonspawn (Pan)
  15 necromancers
  8 wolf spider zombies
  19 phantasmal warriors
  20 orc knights
  A shining eye (shapeshifter) (Vaults:5)
  2 iron dragon zombies
  3 golden dragon skeletons
  17 fauns
  9 fire giant zombies
  42 deep elf magi
  35 harpies
  2 oklob plants
  33 moths of wrath
  3 wolf spiders
  3 orc sorcerers
  7 frost giant zombies
  3 frost giant skeletons
  7 shadow dragon skeletons
  7 stone giant zombies
  86 ugly things
  3 centaur zombies
  12 merfolk sirens
  4 worldbinders (Abyss:2)
  3 cyclopes
  5 manticores
  4 shock serpent zombies
  16 salamanders
  A salamander (shapeshifter) (Elf:2)
  13 shining eyes
  3 dire elephant zombies
  33 black mambas
  3 stone giant skeletons
  A toenail golem (Pan)
  2 apocalypse crabs
  14 vault sentinels
  2 water nymphs
  18 guardian serpents
  15 elephants
  6 iron dragon skeletons
  4 eyes of devastation
  An ice statue (Coc:7)
  14 fire giant skeletons
  19 rust devils
  A torpor snail (Lair:4)
  17 molten gargoyles (Geh:7)
  5 spectral swamp worms (Depths:4)
  16 naga magi
  A guardian serpent (shapeshifter) (D:15)
  27 orange demons
  31 smoke demons
  4 dire elephant skeletons
  5 gargoyles
  5 catoblepas zombies
  A purple draconian zombie (Abyss:2)
  2 yaktaurs (shapeshifter)
  A spriggan zombie (D:15)
  An emperor scorpion zombie (Coc:4)
  3 rime drakes
  A minotaur zombie (Coc:7)
  10 spiny frogs
  A red draconian zombie (Crypt:2)
  3 kobold demonologists (D:13)
  47 tormentors
  10 komodo dragons
  72 yaktaurs
  30 hellions
  12 ancient zymes
  The ghost of ohados the Slasher, a novice GrFi (D:4)
  31 freezing wraiths
  50 guardian mummies
  8 demonic crawlers (Pan)
  32 ice devils
  2 minotaur skeletons
  2 rime drakes (shapeshifter)
  A komodo dragon (shapeshifter) (Vaults:1)
  42 red devils
  2 tengu conjurers (Depths:3)
  A ghost moth simulacrum (Crypt:1)
  12 efreet
  12 hydra zombies
  A green draconian skeleton (Crypt:2)
  24 hellwings
  A catoblepas skeleton (Coc:7)
  5 silent spectres
  8 trolls
  A polar bear (Lair:5)
  A yaktaur skeleton (Vaults:5)
  3 human skeletons
  A white draconian skeleton (Crypt:1)
  2 queen bees
  A tengu simulacrum (Vaults:3)
  A tyrant leech (shapeshifter) (Vaults:5)
  5 wind drakes
  A polar bear (shapeshifter) (Depths:3)
  A harpy zombie (Dis:7)
  2 hornets (shapeshifter)
  5 hornets
  7 alligator zombies
  35 merfolk
  A blink frog (shapeshifter) (Vaults:4)
  3 meliai (D:15)
  3 harpy skeletons
  2 wolf spider simulacra
  4 ice dragon zombies
  6 dream sheep
  5 snapping turtles
  An iron troll skeleton (Crypt:2)
  14 hippogriffs
  9 raiju
  5 ettin zombies
  9 hydra skeletons
  11 bog bodies (Coc:7)
  91 slime creatures
  18 blink frogs
  3 fire dragon zombies
  141 flying skulls
  A centaur simulacrum (Gauntlet)
  16 fire dragon skeletons
  41 starcursed masses
  2 vampires
  A deep troll zombie (D:15)
  2 spriggans (Depths:5)
  2 air elementals
  2 alligator skeletons
  A black mamba zombie (Tar:7)
  8 ushabtiu
  25 wraiths
  43 yaks
  6 ettin skeletons
  39 shadows
  27 ynoxinuls
  10 water elementals
  2 tarantellas (shapeshifter)
  2 wyverns
  2 black mamba skeletons
  Grum (Lair:1)
  2 spriggans (shapeshifter)
  A human (shapeshifter) (D:14)
  11 ice dragon skeletons
  A redback (Gauntlet)
  33 fire elementals
  17 humans (D:14)
  10 hungry ghosts
  An emperor scorpion simulacrum (Coc:1)
  24 golden eyes
  23 neqoxecs
  22 chaos spawn
  A spatial vortex (Abyss:2)
  A warg (Vaults:2)
  2 water nymph zombies
  An insubstantial wisp (Abyss:2)
  69 nagas
  4 acid dragons
  30 hell hounds
  A floating eye (Depths:5)
  A deep troll skeleton (Crypt:1)
  A hydra simulacrum (Gauntlet)
  5 spiny frog zombies
  20 water moccasins
  9 porcupines
  4 spiny frog skeletons
  59 orc warriors
  8 sky beasts
  3 snapping turtle zombies
  2 swamp dragon zombies
  6 ice beasts
  26 necrophages
  A monstrous demonspawn skeleton (Geh:2)
  3 manticore zombies
  5 black bears
  8 boggarts
  An ettin simulacrum (Hell)
  22 ogres
  7 eyes of draining
  10 phantoms
  16 wolves
  A boggart (shapeshifter) (Depths:1)
  12 centaurs
  2 manticore skeletons
  12 crocodiles
  2 swamp dragon skeletons
  A centaur (shapeshifter) (Vaults:3)
  7 snapping turtle skeletons
  An elf zombie (Dis:4)
  6 big kobolds
  20 bullfrogs
  3 earth elementals
  An elf skeleton (Crypt:2)
  A spiny frog simulacrum (Hell)
  A scorpion (D:14)
  A troll zombie (Geh:2)
  35 killer bees
  4 electric eels
  46 wights
  A raiju skeleton (Crypt:1)
  3 howler monkeys (D:7)
  12 crimson imps
  2 human simulacra (Vaults:5)
  5 quasits
  9 iron imps
  4 hounds
  2 jellies
  6 centaur skeletons
  28 orc priests
  A gnoll shaman (D:10)
  3 bullfrog skeletons
  5 iguanas
  24 orc wizards
  6 hell rats
  8 worker ants
  A porcupine skeleton (Crypt:2)
  3 naga zombies
  2 ogre skeletons
  2 hound zombies
  3 hound skeletons
  49 mummies
  12 gnolls
  2 river rats (D:10)
  A swamp drake zombie (Crypt:1)
  10 adders
  14 shadow imps
  12 white imps
  3 ufetubi
  An ooze (D:1)
  3 adder skeletons
  5 dart slugs
  4 leopard geckos
  110 orcs
  A bat skeleton (Crypt:1)
  4 giant cockroaches
  7 goblins
  16 hobgoblins
  10 jackals
  8 quokkas
  4 ball pythons
  18 bats
  11 frilled lizards
  38 kobolds
  A kobold zombie (Geh:7)
  A leopard gecko skeleton (D:7)
  An orc zombie (Coc:7)
  2 quokka skeletons
  6 rats
  A crawling corpse (Vaults:5)
  A fire vortex (Pan)
  3 fungi
  A lurking horror (Abyss:2)
  12 starspawn tentacles
  7 tentacles
4923 creatures vanquished.

Vanquished Creatures (collateral kills)
  An acid blob (Slime:3)
  2 azure jellies (Slime:3)
  2 deep elf sorcerers (Elf:3)
  A deep elf demonologist (Elf:3)
  2 deep elf annihilators (Elf:3)
  A deep elf high priest (Elf:3)
9 creatures vanquished.

Vanquished Creatures (others)
  2 elemental wellsprings (Coc:7)
  A lorocyproca (Depths:4)
  2 hell hogs
  A wizard (Pan)
  A deep elf mage (Elf:2)
  A flying skull (Geh:7)
  2 golden eyes
  A fire bat (Pan)
  2 chaos spawn (Pan)
  A spatial vortex (Abyss:4)
  2 wargs
  2 hell hounds (Tar:4)
  4 ball lightnings (Pan)
  4 orcs (Vaults:5)
  2 bushes
  3 fungi
  2 lurking horrors
  18 plants
  36 starspawn tentacles
  11 tentacles
  5 withered plants (D:15)
103 creatures vanquished.

Grand Total: 5035 creatures vanquished

Notes
Turn   | Place    | Note
-------+----------+-------------------------------------------
     0 | D:1      | skumtomte the Ghoul Monk began the quest for the Orb.
     0 | D:1      | Reached XP level 1. HP: 19/19 MP: 0/0
   168 | D:1      | Reached XP level 2. HP: 23/26 MP: 1/1
   549 | D:1      | Reached XP level 3. HP: 31/31 MP: 2/2
   696 | D:2      | Noticed a bullfrog
   717 | D:1      | Killed a bullfrog
   717 | D:1      | Reached skill level 1 in Throwing
   717 | D:1      | Reached skill level 1 in Armour
   717 | D:1      | Reached skill level 1 in Shields
   717 | D:1      | Reached XP level 4. HP: 28/40 MP: 3/3
   938 | D:2      | Found a hazy altar of Hepliaklqana.
  1043 | D:2      | Reached XP level 5. HP: 46/46 MP: 4/4
  2423 | D:4      | Found an opulent altar of Gozag.
  2526 | D:4      | Reached XP level 6. HP: 49/52 MP: 4/5
  2659 | D:4      | Reached skill level 5 in Unarmed Combat
  2922 | D:5      | Entered Level 5 of the Dungeon
  3218 | D:4      | Found a snail-covered altar of Cheibriados.
  3245 | D:4      | Found an ancient bone altar of Kikubaaqudgha.
  3370 | D:4      | Found a runed translucent door.
  3397 | D:4      | Reached XP level 7. HP: 60/60 MP: 6/6
  3652 | D:4      | Noticed ohados's ghost (novice GrFi)
  3755 | D:5      | Found Raof's Gadget Boutique.
  3915 | D:5      | Reached skill level 5 in Fighting
  3942 | D:5      | Found a staircase to the Ecumenical Temple.
  3989 | Temple   | Entered the Ecumenical Temple
  4080 | Temple   | Became a worshipper of Warmaster Okawaru
  4080 | Temple   | Reached * piety under Okawaru
  4080 | Temple   | Reached ** piety under Okawaru
  4235 | D:5      | Reached XP level 8. HP: 63/68 MP: 7/7
  4397 | D:6      | Reached skill level 1 in Invocations
  4629 | D:6      | Got a transparent ring mail
  5391 | D:7      | Reached XP level 9. HP: 64/75 MP: 9/9
  5510 | D:7      | Reached *** piety under Okawaru
  5672 | D:8      | Reached skill level 1 in Evocations
  5799 | D:8      | Noticed a two-headed ogre
  6180 | D:8      | Found a glowing silver altar of Zin.
  6180 | D:8      | Found a runed translucent door.
  6180 | D:8      | Noticed an angel
  6234 | D:8      | Killed a two-headed ogre
  6234 | D:8      | Reached **** piety under Okawaru
  6397 | D:8      | Paralysed by an orc for 6 turns
  6461 | D:8      | Reached XP level 10. HP: 72/84 MP: 11/11
  6473 | D:8      | Received a gift from Okawaru
  6956 | D:9      | Reached ***** piety under Okawaru
  7279 | D:9      | Found Giuwnuenk's Distillery.
  7283 | D:9      | Bought a potion of haste for 130 gold pieces
  7283 | D:9      | Bought a potion of might for 52 gold pieces
  7312 | D:9      | Found a sacrificial altar of Ru.
  7312 | D:9      | Found a radiant altar of Vehumet.
  7341 | D:9      | Reached skill level 5 in Armour
  7539 | D:9      | Noticed a two-headed ogre
  7559 | D:9      | Killed a two-headed ogre
  7559 | D:9      | Received a gift from Okawaru
  7559 | D:9      | Reached skill level 5 in Throwing
  7559 | D:9      | Reached skill level 5 in Invocations
  7559 | D:9      | Reached skill level 5 in Evocations
  7560 | D:9      | Got a distressingly furry buckler {god gift}
  7571 | D:9      | Identified the +3 buckler of the Pits of Slime {rF+ Regen+
                  | Str-5} (Okawaru gifted it to you on level 9 of the Dungeon)
  7678 | D:10     | Entered Level 10 of the Dungeon
  7729 | D:10     | Identified the +4 ring mail "Xerchi Huxytz" {rC+} (You
                  | found it on level 6 of the Dungeon)
  7781 | D:10     | Reached skill level 10 in Unarmed Combat
  7796 | D:10     | Noticed a death yak
  7796 | D:10     | Noticed a death yak
  7818 | D:10     | Noticed a death yak
  7821 | D:10     | Killed a death yak
  7821 | D:10     | Reached XP level 11. HP: 72/92 MP: 8/14
  7829 | D:10     | Killed a death yak
  7834 | D:10     | Killed a death yak
  7894 | D:10     | Found a staircase to the Lair.
  8344 | D:10     | Found Rifir's Assorted Antiques.
  8370 | D:10     | Bought a scroll labeled XAGEIRPHYLLE for 20 gold pieces
  8541 | D:10     | Noticed an orc knight
  8548 | D:10     | Killed an orc knight
  8777 | Lair:1   | Entered Level 1 of the Lair of Beasts
  8849 | Lair:1   | Noticed Harold
  8868 | Lair:1   | Killed Harold
  8955 | Lair:1   | Received a gift from Okawaru
  9101 | Lair:1   | Reached XP level 12. HP: 92/103 MP: 16/16
  9358 | D:4      | Killed ohados's ghost
  9403 | D:5      | Bought a tin of tremorstones (3/3) for 560 gold pieces
  9718 | Lair:1   | Received a gift from Okawaru
  9867 | Lair:1   | Received a gift from Okawaru
  9925 | Lair:1   | Noticed Grum
  9933 | Lair:1   | Killed Grum
 10055 | Lair:1   | Received a gift from Okawaru
 10173 | Lair:2   | Noticed a seven-headed hydra
 10178 | Lair:2   | Killed a seven-headed hydra
 10485 | Lair:2   | Noticed a seven-headed hydra
 10489 | Lair:2   | Killed a seven-headed hydra
 10489 | Lair:2   | Received a gift from Okawaru
 10992 | Lair:3   | Noticed a seven-headed hydra
 11007 | Lair:3   | Killed a seven-headed hydra
 11465 | D:5      | Bought a wand of clouds (4) for 336 gold pieces
 11820 | Lair:3   | Noticed Snorg
 11842 | Lair:3   | Killed Snorg
 11886 | Lair:3   | Reached XP level 13. HP: 111/111 MP: 18/18
 12545 | Lair:4   | Found a staircase to the Snake Pit.
 12728 | Lair:4   | Found a staircase to the Shoals.
 12818 | Lair:4   | Received a gift from Okawaru
 12851 | Lair:4   | Reached skill level 10 in Fighting
 12863 | Lair:4   | Got an ichor-stained hat {god gift}
 12875 | Lair:4   | Identified the +4 hat of the Good {MR+} (Okawaru gifted it
                  | to you on level 4 of the Lair of Beasts)
 13279 | Lair:5   | Found a gate leading to a gauntlet.
 13282 | Lair:5   | Found a staircase to the Slime Pits.
 13282 | Lair:5   | Found a viscous altar of Jiyva.
 13284 | Gauntlet | Entered a Gauntlet
 13284 | Gauntlet | Found a transporter.
 13293 | Gauntlet | Found a runed translucent door.
 13295 | Gauntlet | Found a transporter.
 13297 | Gauntlet | Found a runed translucent door.
 13311 | Gauntlet | Found a transporter.
 13315 | Gauntlet | Found a transporter.
 13336 | Gauntlet | Found a transporter.
 13349 | Gauntlet | Found a transporter.
 13359 | Gauntlet | Found the cursed necklace of Bloodlust {*Rage +Rage MR++
                  | Int-3 Slay+6 *Curse}
 13362 | Gauntlet | Found a transporter.
 13389 | Gauntlet | Found the ring of Phasing {EV+8}
 13391 | Gauntlet | Found a transporter.
 13391 | Gauntlet | Found a transporter.
 13397 | Gauntlet | Found a transporter.
 13418 | Gauntlet | Noticed an entropy weaver
 13428 | Gauntlet | Found a transporter.
 13428 | Gauntlet | Found a transporter.
 13483 | Gauntlet | Killed an entropy weaver
 13517 | Gauntlet | Got a pair of warped boots
 13528 | Gauntlet | Identified the +1 pair of boots "Zoxa Jyfree" {Dex+5} (You
                  | found it in a Gauntlet)
 13602 | Gauntlet | Noticed a minotaur
 13615 | Gauntlet | Killed a minotaur
 13631 | Gauntlet | Identified the Collected Works on Flight and Protection
 13633 | Gauntlet | Got a bloodstained helmet
 13635 | Gauntlet | Identified Kawafi's Grimoire of Self-Knowledge
 13650 | Gauntlet | Identified the cursed +0 helmet of Huhel {+Blink rN+
                  | Slay-5} (You found it in a Gauntlet)
 13666 | Gauntlet | Got a warped ring mail
 13677 | Gauntlet | Identified the +1 ring mail of Ennui {Harm rF+ Int-4
                  | Slay+3} (You found it in a Gauntlet)
 13915 | Lair:5   | Received a gift from Okawaru
 14019 | Lair:5   | Reached XP level 14. HP: 111/122 MP: 19/19
 14090 | Lair:5   | Received a gift from Okawaru
 14866 | Lair:6   | Entered Level 6 of the Lair of Beasts
 14901 | Lair:5   | Reached skill level 5 in Dodging
 15093 | Lair:6   | Received a gift from Okawaru
 15417 | Lair:6   | Reached skill level 15 in Unarmed Combat
 15454 | Lair:6   | Reached ****** piety under Okawaru
 15458 | Lair:6   | Received a gift from Okawaru
 15458 | Lair:6   | Reached skill level 10 in Armour
 15504 | Lair:6   | Noticed a dire elephant
 15525 | Lair:6   | Killed a dire elephant
 15680 | Lair:6   | Received a gift from Okawaru
 15685 | Lair:6   | Got a dazzling chain mail {god gift}
 15708 | Lair:6   | Identified the +2 chain mail "Reaxoseo" {rF+ Int+4}
                  | (Okawaru gifted it to you on level 6 of the Lair of Beasts)
 15978 | Lair:6   | Found a runed translucent gate.
 15979 | Lair:6   | Found a runed translucent gate.
 15980 | Lair:6   | Found a runed translucent gate.
 15980 | Lair:6   | Noticed nubinia's ghost (journeyman TeCj)
 16020 | Lair:6   | Killed nubinia's ghost
 16020 | Lair:6   | Reached XP level 15. HP: 132/132 MP: 13/20
 16234 | Snake:1  | Entered Level 1 of the Snake Pit
 16391 | Snake:1  | Found Musopn's Specialty Armours.
 16677 | Snake:1  | Received a gift from Okawaru
 17045 | Snake:1  | Identified Roxanne's Compendium of Stones
 17045 | Snake:1  | Noticed Roxanne
 17058 | Snake:1  | Killed Roxanne
 17481 | Snake:2  | Found Pitho's Food Shop.
 17789 | Snake:2  | Received a gift from Okawaru
 18110 | Snake:2  | Received a gift from Okawaru
 18368 | Snake:3  | Noticed a nagaraja
 18378 | Snake:3  | Found Bazail's Jewellery Emporium.
 18489 | Snake:2  | Reached XP level 16. HP: 90/141 MP: 19/21
 18728 | Snake:3  | Killed a nagaraja
 19048 | Snake:3  | Reached skill level 5 in Shields
 19458 | Snake:4  | Entered Level 4 of the Snake Pit
 19473 | Snake:4  | Noticed Aizul
 19503 | Snake:3  | Killed Aizul
 19656 | Snake:4  | Received a gift from Okawaru
 19867 | Snake:4  | Received a gift from Okawaru
 20298 | Snake:4  | Noticed a nagaraja
 20352 | Snake:4  | Noticed a nagaraja
 20691 | Snake:4  | Noticed a nagaraja
 20915 | Snake:4  | Killed a nagaraja
 20915 | Snake:4  | Received a gift from Okawaru
 20996 | Snake:4  | Reached XP level 17. HP: 84/150 MP: 22/22
 21635 | Snake:4  | Got a serpentine rune of Zot
 21843 | Snake:4  | Found Benkith's Antique Weapon Boutique.
 21843 | Snake:4  | Found Deykhi Taoby's Gadget Shop.
 21851 | Snake:4  | Bought a wand of clouds (6) for 450 gold pieces
 22077 | Shoals:1 | Entered Level 1 of the Shoals
 22219 | Shoals:1 | Received a gift from Okawaru
 22653 | Shoals:1 | Noticed Jorgrun
 22662 | Shoals:1 | Killed Jorgrun
 23155 | Shoals:2 | Received a gift from Okawaru
 24399 | Shoals:3 | Received a gift from Okawaru
 24643 | Shoals:3 | Found Mouw's Gadget Shoppe.
 24651 | Shoals:3 | Bought a wand of clouds (4) for 312 gold pieces
 24695 | Shoals:3 | Received a gift from Okawaru
 24797 | Shoals:3 | Found Fiawiqeg's General Store.
 24928 | Shoals:4 | Entered Level 4 of the Shoals
 24958 | Shoals:4 | Reached XP level 18. HP: 84/161 MP: 15/23
 25245 | Shoals:4 | Got a barnacled rune of Zot
 26178 | Slime:1  | Entered Level 1 of the Pits of Slime
 26317 | Slime:1  | Reached skill level 10 in Throwing
 26497 | Slime:4  | Noticed Dissolution
 26511 | Slime:3  | Received a gift from Okawaru
 27139 | Slime:3  | Received a gift from Okawaru
 28169 | Slime:5  | Entered Level 5 of the Pits of Slime
 28199 | Slime:4  | Reached skill level 15 in Fighting
 28372 | Slime:4  | Reached XP level 19. HP: 153/162 MP: 25/25
 28467 | Slime:5  | Noticed the Royal Jelly
 28889 | Slime:5  | Found a viscous altar of Jiyva.
 28893 | Slime:5  | Found the +7 great mace "Firestarter" {inner flame, rF++}
 28946 | Slime:5  | Killed the Royal Jelly
 28946 | Slime:5  | Received a gift from Okawaru
 29289 | Slime:5  | Received a gift from Okawaru
 29333 | Slime:5  | Got a slimy rune of Zot
 29360 | Slime:5  | Got a slimy brass ring
 29362 | Slime:5  | Identified the ring "Kysewa" {+Fly rPois rF- rN+} (You
                  | found it on level 5 of the Pits of Slime)
 29444 | Slime:5  | Got a smoking brass ring
 29446 | Slime:5  | Identified the ring "Uthraobra" {rC+ Dex+3 SInv} (You found
                  | it on level 5 of the Pits of Slime)
 29518 | Slime:5  | Received a gift from Okawaru
 30718 | Slime:4  | Received a gift from Okawaru
 30798 | Slime:4  | Reached skill level 10 in Evocations
 30806 | Slime:4  | Killed Dissolution
 30806 | Slime:4  | Received a gift from Okawaru
 31297 | Slime:2  | Reached skill level 15 in Armour
 32166 | Slime:2  | Received a gift from Okawaru
 33245 | D:11     | Found a roughly hewn altar of Beogh.
 33323 | D:11     | Found Jufi's Magic Scroll Shoppe.
 33338 | D:11     | Bought a scroll of teleportation for 42 gold pieces
 33338 | D:11     | Bought a scroll of magic mapping for 49 gold pieces
 33338 | D:11     | Bought a scroll of fog for 28 gold pieces
 34156 | D:11     | Reached XP level 20. HP: 180/180 MP: 26/26
 34165 | D:11     | Received a gift from Okawaru
 34272 | D:12     | Found a runed translucent door.
 34285 | D:12     | Found a staircase to the Orcish Mines.
 34926 | Orc:1    | Entered Level 1 of the Orcish Mines
 35082 | Orc:1    | Found a flagged portal.
 35107 | Bailey   | Entered a bailey
 35177 | Bailey   | Found a runed translucent gate.
 35179 | Bailey   | Found a runed translucent gate.
 35181 | Bailey   | Found a runed translucent gate.
 35292 | Bailey   | Received a gift from Okawaru
 35342 | Bailey   | Reached skill level 10 in Shields
 35342 | Bailey   | Reached XP level 21. HP: 187/187 MP: 27/27
 35343 | Bailey   | Reached XP level 22. HP: 195/195 MP: 27/29
 35766 | Orc:2    | Entered Level 2 of the Orcish Mines
 35787 | Orc:2    | Noticed Nessos
 35790 | Orc:2    | Killed Nessos
 35927 | Orc:2    | Noticed Nergalle
 35939 | Orc:2    | Killed Nergalle
 35996 | Orc:2    | Found a roughly hewn altar of Beogh.
 36090 | Orc:2    | Found Kikoess's General Store.
 36158 | Orc:2    | Bought a scroll of magic mapping for 49 gold pieces
 36277 | Orc:2    | Noticed Josephine
 36288 | Orc:2    | Killed Josephine
 36398 | Orc:2    | Found Kes Pihi's Jewellery Boutique.
 36413 | Orc:2    | Found Ogiodoumn's Antique Weapon Boutique.
 36506 | Orc:2    | Found Eseryc's Antique Armour Boutique.
 36716 | Orc:2    | Found a staircase to the Elven Halls.
 36925 | Elf:1    | Entered Level 1 of the Elven Halls
 37096 | Elf:1    | Noticed Louise
 37109 | Elf:1    | Killed Louise
 37421 | Elf:1    | Received a gift from Okawaru
 37450 | Elf:1    | Identified the cursed +0 plate armour of Lucidity {rN+++
                  | MR+ Regen+ Stlth-} (You found it on level 1 of the Elven
                  | Halls)
 37852 | Elf:2    | Received a gift from Okawaru
 37863 | Elf:2    | Found a runed translucent gate.
 37863 | Elf:2    | Found a runed translucent gate.
 37864 | Elf:2    | Found a runed translucent gate.
 38522 | Elf:2    | Received a gift from Okawaru
 38990 | Elf:3    | Entered Level 3 of the Elven Halls
 39292 | Elf:3    | Found a shimmering altar of Xom.
 39673 | Elf:3    | Received a gift from Okawaru
 39675 | Elf:3    | Got a faintly glowing hat {god gift}
 40031 | Elf:3    | Identified the +0 hat of Oqyp {Str+5} (Okawaru gifted it to
                  | you on level 3 of the Elven Halls)
 40140 | Elf:3    | Reached XP level 23. HP: 172/204 MP: 30/30
 40284 | Elf:3    | Identified the ring of the Witching Jester {*Drain MR+
                  | Str+6 Int+3}
 40692 | Elf:3    | Identified the Disquisition on Freezing Attacks
 41000 | D:13     | Got the ring of Atsi {rElec rC+ AC+4 Slay+2}
 42329 | D:14     | Identified the ring "Dedoch" {rC+ Str+3 Dex+4}
 42459 | D:14     | Found a gate to the Vaults.
 43046 | Vaults:1 | Entered Level 1 of the Vaults
 43090 | Vaults:1 | Received a gift from Okawaru
 44193 | Vaults:1 | You fall into a shaft and drop 1 floor!
 44889 | Vaults:2 | Received a gift from Okawaru
 45023 | Vaults:2 | Noticed Margery
 45037 | Vaults:2 | Killed Margery
 45254 | Vaults:2 | Noticed Mara
 45262 | Vaults:2 | Noticed skumtomte's illusion
 45379 | Vaults:2 | Reached XP level 24. HP: 182/216 MP: 30/30
 45791 | Vaults:2 | Killed Mara
 46600 | Vaults:3 | Found a flickering gateway to a bazaar.
 46622 | Bazaar   | Entered a bazaar
 46627 | Bazaar   | Found Qautt's Armour Boutique.
 46640 | Bazaar   | Found Uryr's Weapon Shoppe.
 46648 | Bazaar   | Found Moisiz's Antique Armour Emporium.
 46655 | Bazaar   | Bought a pair of embroidered gloves for 187 gold pieces
 46655 | Bazaar   | Bought a pair of glowing boots for 187 gold pieces
 46655 | Bazaar   | Bought a shiny helmet for 187 gold pieces
 46655 | Bazaar   | Found Xorem's Distillery.
 46682 | Bazaar   | Identified a +1 pair of boots of running (You bought it in
                  | a shop in a bazaar)
 46705 | Bazaar   | Bought a potion of heal wounds for 50 gold pieces
 46705 | Bazaar   | Bought a potion of heal wounds for 50 gold pieces
 46705 | Bazaar   | Bought a potion of haste for 100 gold pieces
 46976 | Vaults:3 | Found a staircase to the Crypt.
 47347 | Vaults:3 | Received a gift from Okawaru
 47542 | Vaults:3 | Received a gift from Okawaru
 47786 | Vaults:3 | Received a gift from Okawaru
 47952 | Crypt:1  | Entered Level 1 of the Crypt
 48741 | Crypt:1  | Received a gift from Okawaru
 49102 | Crypt:1  | Noticed a greater mummy
 49121 | Crypt:1  | Killed a greater mummy
 49131 | Crypt:1  | Noticed a greater mummy
 49151 | Crypt:1  | Killed a greater mummy
 49544 | Crypt:1  | Noticed a greater mummy
 49558 | Crypt:1  | Killed a greater mummy
 49558 | Crypt:1  | Reached XP level 25. HP: 200/225 MP: 30/31
 49613 | Crypt:1  | Found the +7 sceptre of Torment {pain, torment}
 49707 | Crypt:2  | Received a gift from Okawaru
 49877 | Crypt:2  | Received a gift from Okawaru
 50625 | Crypt:3  | Entered Level 3 of the Crypt
 50728 | Crypt:3  | Noticed Boris
 50755 | Crypt:3  | Killed Boris
 51001 | Crypt:3  | Got a flickering platinum amulet
 51002 | Crypt:3  | Identified the Volume of Darkness
 51007 | Crypt:3  | Identified the amulet of Impatience {Regen+ Int+5} (You
                  | found it on level 3 of the Crypt)
 51011 | Crypt:3  | Got a clouded bronze ring
 51012 | Crypt:3  | Identified the ring "Suthoxun" {rN+ Str+3 Dex-3 SInv} (You
                  | found it on level 3 of the Crypt)
 51016 | Crypt:3  | Got a coiled granite ring
 51017 | Crypt:3  | Identified the ring "Etilewof" {rF+ rN+ Str+4 Dex+3 Slay+2}
                  | (You found it on level 3 of the Crypt)
 51120 | Crypt:3  | Received a gift from Okawaru
 51821 | Crypt:3  | Found a staircase to the Tomb.
 51823 | Crypt:3  | Noticed an ancient lich
 51834 | Crypt:3  | Killed an ancient lich
 51850 | Crypt:3  | Received a gift from Okawaru
 51893 | Crypt:3  | Noticed an ancient lich
 51907 | Crypt:3  | Killed an ancient lich
 53798 | Vaults:4 | Found Zeze's Antique Weapon Boutique.
 54123 | Vaults:5 | Entered Level 5 of the Vaults
 54148 | Vaults:4 | Reached XP level 26. HP: 163/236 MP: 31/31
 54581 | Vaults:5 | Noticed Boris
 54877 | Vaults:4 | Received a gift from Okawaru
 55730 | Vaults:5 | Killed Boris
 56271 | Vaults:5 | Noticed an ancient lich
 56287 | Vaults:5 | Killed an ancient lich
 56451 | Vaults:5 | HP: 6/239 [battlesphere[a tengu reaver] (18)]
 56478 | Vaults:5 | Received a gift from Okawaru
 56478 | Vaults:5 | Reached skill level 15 in Shields
 56492 | Vaults:5 | Noticed Saint Roka
 56508 | Vaults:5 | Killed Saint Roka
 56508 | Vaults:5 | Reached XP level 27. HP: 126/246 MP: 29/31
 56542 | Vaults:5 | Received a gift from Okawaru
 57483 | Vaults:5 | Got a silver rune of Zot
 57732 | D:15     | Entered Level 15 of the Dungeon
 57821 | D:15     | Received a gift from Okawaru
 58273 | D:15     | Found a staircase to the Depths.
 58294 | D:15     | Received a gift from Okawaru
 58590 | D:15     | Reached skill level 27 in Unarmed Combat
 58840 | Depths:1 | Entered Level 1 of the Depths
 59041 | Depths:1 | Found a gateway to Hell.
 59866 | Depths:2 | Found the +6 shillelagh "Devastator" {shatter}
 61044 | Depths:3 | Received a gift from Okawaru
 61045 | Depths:3 | Identified the +0 pair of gloves "Ugretih" {MR+ rCorr}
                  | (Okawaru gifted it to you on level 3 of the Depths)
 61231 | Depths:3 | Noticed Jory
 61257 | Depths:3 | Killed Jory
 61406 | Depths:3 | Found a one-way gate leading to the halls of Pandemonium.
 62100 | Depths:3 | Got an ancient iron ring
 62104 | Depths:3 | Identified the ring of Yrau {rC++ rN+ Str+2} (You found it
                  | on level 3 of the Depths)
 62651 | Depths:4 | Identified the +6 flail "Maxkiv" {vorpal, rF++ Dex+4}
 62904 | Depths:4 | Found a one-way gate to the infinite horrors of the Abyss.
 63664 | Depths:5 | Entered Level 5 of the Depths
 63677 | Depths:5 | Received a gift from Okawaru
 63677 | Depths:5 | Reached skill level 10 in Dodging
 63876 | Depths:5 | Received a gift from Okawaru
 63881 | Depths:5 | Identified the +0 pair of boots "Werpheofo" {Str+4 Int+9}
                  | (Okawaru gifted it to you on level 5 of the Depths)
 63912 | Depths:5 | Found a gate to the Realm of Zot.
 64630 | Depths:5 | Found a gateway to a ziggurat.
 64828 | Zot:1    | Entered Level 1 of the Realm of Zot
 65465 | Zot:2    | Noticed an orb of fire
 65499 | Zot:1    | Killed an orb of fire
 65499 | Zot:1    | Received a gift from Okawaru
 66045 | Zot:5    | Entered Level 5 of the Realm of Zot
 66065 | Zot:5    | Received a gift from Okawaru
 66541 | Zot:5    | Noticed an ancient lich
 66551 | Zot:5    | Killed an ancient lich
 66556 | Zot:5    | Received a gift from Okawaru
 66578 | Zot:5    | Noticed an orb of fire
 66582 | Zot:5    | Noticed an orb of fire
 66586 | Zot:5    | Killed an orb of fire
 66586 | Zot:5    | Received a gift from Okawaru
 66589 | Zot:5    | Killed an orb of fire
 66589 | Zot:5    | Reached skill level 15 in Throwing
 66595 | Zot:5    | Noticed an ancient lich
 66599 | Zot:5    | Killed an ancient lich
 66607 | Zot:5    | Received a gift from Okawaru
 66610 | Zot:5    | Identified the +0 pair of boots "Xekha" {Int+5 SInv}
                  | (Okawaru gifted it to you on level 5 of the Realm of Zot)
 66633 | Zot:5    | Noticed an ancient lich
 66669 | Zot:5    | Killed an ancient lich
 66678 | Zot:5    | Noticed an orb of fire
 66693 | Zot:5    | Killed an orb of fire
 66908 | Zot:5    | Noticed an orb of fire
 66912 | Zot:5    | Noticed an ancient lich
 66917 | Zot:5    | Killed an orb of fire
 66917 | Zot:5    | Noticed an orb of fire
 66927 | Zot:5    | Killed an orb of fire
 66927 | Zot:5    | Noticed an ancient lich
 66929 | Zot:5    | Killed an ancient lich
 66932 | Zot:5    | Killed an ancient lich
 66932 | Zot:5    | Received a gift from Okawaru
 67014 | Zot:5    | Noticed an ancient lich
 67020 | Zot:5    | Noticed an ancient lich
 67026 | Zot:5    | Killed an ancient lich
 67038 | Zot:5    | Killed an ancient lich
 67038 | Zot:5    | Received a gift from Okawaru
 67982 | Zot:4    | Received a gift from Okawaru
 68455 | Zot:4    | Received a gift from Okawaru
 69884 | Zot:1    | Found a runed translucent door.
 69885 | Zot:1    | Noticed Majang's ghost (legendary GrEE)
 70000 | Zot:1    | Received a gift from Okawaru
 70044 | Zot:1    | Killed Majang's ghost
 70325 | Hell     | Entered the Vestibule of Hell
 70325 | Hell     | Noticed Geryon
 70926 | Hell     | Killed Geryon
 70926 | Hell     | Received a gift from Okawaru
 71462 | Hell     | Reached skill level 15 in Dodging
 71602 | Hell     | Found a gateway to the decaying netherworld of Tartarus.
 71689 | Hell     | Found a gateway to the freezing wastes of Cocytus.
 71772 | Hell     | Found a gateway to the Iron City of Dis.
 71821 | Hell     | Found a gateway to the ashen valley of Gehenna.
 71996 | Depths:4 | Voluntarily entered the Abyss.
 72386 | Abyss:2  | Reached skill level 15 in Evocations
 72734 | Abyss:2  | Received a gift from Okawaru
 72818 | Abyss:2  | Paralysed by you for 6 turns
 73092 | Abyss:2  | Paralysed by accursed screaming for 1 turns
 73116 | Abyss:2  | Paralysed by accursed screaming for 1 turns
 73189 | Abyss:2  | Received a gift from Okawaru
 74894 | Abyss:4  | Received a gift from Okawaru
 74961 | Abyss:4  | Received a gift from Okawaru
 75015 | Abyss:4  | Paralysed by accursed screaming for 2 turns
 75031 | Abyss:4  | Got an abyssal rune of Zot
 75068 | Depths:4 | Escaped the Abyss
 75169 | Coc:1    | Entered Level 1 of Cocytus
 75235 | Depths:3 | Received a gift from Okawaru
 76152 | Coc:1    | You fall into a shaft and drop 1 floor!
 76966 | Coc:6    | Received a gift from Okawaru
 77096 | Coc:7    | Entered Level 7 of Cocytus
 77147 | Coc:7    | Received a gift from Okawaru
 77667 | Coc:7    | Received a gift from Okawaru
 77887 | Coc:7    | Identified the amulet "Xoniah" {RegenMP rC+ SInv}
 78147 | Coc:7    | Noticed Antaeus
 78358 | Coc:7    | Killed Antaeus
 78384 | Coc:7    | Received a gift from Okawaru
 78451 | Coc:7    | Identified Feif's Disquisition on Lucky Hexes
 78460 | Coc:7    | Got an icy rune of Zot
 78661 | Dis:1    | Entered Level 1 of the Iron City of Dis
 79462 | Dis:7    | Entered Level 7 of the Iron City of Dis
 79920 | Dis:7    | Reached skill level 27 in Fighting
 80016 | Dis:7    | Received a gift from Okawaru
 80276 | Dis:7    | Identified the +4 staff of Dispater
 80276 | Dis:7    | Noticed Dispater
 80305 | Dis:7    | Killed Dispater
 80330 | Dis:7    | Found the +0 mask of the Dragon {MR+ Slay+3 SInv}
 80366 | Dis:7    | Got an iron rune of Zot
 80368 | Dis:7    | Got a glittering ivory ring
 80369 | Dis:7    | Identified the ring "Utsiny" {+Fly rElec rF+ rN+ Str+2}
                  | (You found it on level 7 of the Iron City of Dis)
 80616 | Tar:1    | Entered Level 1 of Tartarus
 80768 | Tar:2    | Found a huge runed gate.
 80771 | Tar:2    | Found a huge runed gate.
 80771 | Tar:2    | Found a huge runed gate.
 80771 | Tar:2    | Found a huge runed gate.
 80771 | Tar:2    | Found a huge runed gate.
 80771 | Tar:2    | Found a huge runed gate.
 80771 | Tar:2    | Found a huge runed gate.
 80772 | Tar:2    | Found a huge runed gate.
 80772 | Tar:2    | Found a huge runed gate.
 80773 | Tar:2    | Found a huge runed gate.
 81185 | Tar:4    | Received a gift from Okawaru
 81215 | Tar:4    | Received a gift from Okawaru
 81611 | Tar:3    | Received a gift from Okawaru
 82070 | Tar:5    | You fall into a shaft and drop 1 floor!
 82246 | Tar:7    | Entered Level 7 of Tartarus
 82275 | Tar:7    | Received a gift from Okawaru
 82308 | Hell     | Received a gift from Okawaru
 82692 | Tar:5    | Received a gift from Okawaru
 83006 | Tar:6    | Received a gift from Okawaru
 83066 | Tar:6    | Received a gift from Okawaru
 83377 | Tar:6    | Noticed an ancient lich
 83384 | Tar:6    | Killed an ancient lich
 83392 | Tar:6    | Received a gift from Okawaru
 83527 | Tar:7    | Noticed an ancient lich
 83533 | Tar:7    | Found the +3 Elemental Staff {rElec rF++ rC++ MR++ AC+5}
 83543 | Tar:7    | Killed an ancient lich
 83549 | Tar:7    | Identified Sif Muna's Handbook of Hurtful Venom
 83738 | Tar:7    | Received a gift from Okawaru
 83837 | Tar:7    | Noticed an ancient lich
 83853 | Tar:7    | Killed an ancient lich
 83929 | Tar:7    | Noticed Ereshkigal
 83982 | Tar:7    | Killed Ereshkigal
 84078 | Tar:7    | Noticed the Serpent of Hell
 84114 | Tar:7    | Killed the Serpent of Hell
 84160 | Tar:7    | Received a gift from Okawaru
 84350 | Tar:7    | Identified the Collected Works on Curses
 84365 | Tar:7    | Received a gift from Okawaru
 84490 | Tar:7    | Got a bone rune of Zot
 84507 | Tar:7    | Received a gift from Okawaru
 84603 | Geh:1    | Entered Level 1 of Gehenna
 84957 | Geh:4    | Noticed an ancient lich
 84968 | Geh:4    | Killed an ancient lich
 85314 | Geh:3    | Received a gift from Okawaru
 85619 | Geh:6    | Received a gift from Okawaru
 85694 | Geh:7    | Entered Level 7 of Gehenna
 85809 | Geh:7    | Received a gift from Okawaru
 86095 | Geh:7    | Received a gift from Okawaru
 86320 | Geh:7    | Identified the Almanac of Blows and Bruises and the Glacier
 86424 | Geh:7    | Identified the +7 sceptre of Asmodeus
 86424 | Geh:7    | Noticed Asmodeus
 86461 | Geh:7    | Killed Asmodeus
 86476 | Geh:7    | Got an obsidian rune of Zot
 87038 | Pan      | Entered Pandemonium
 87054 | Pan      | Identified Katwudoz's Catalogue of Enchantment
 87132 | Pan      | Found an exit through the horrors of the Abyss.
 87468 | Pan      | Received a gift from Okawaru
 87470 | Pan      | Noticed Fouruv the pandemonium lord
 87477 | Pan      | Killed Fouruv the pandemonium lord
 87631 | Pan      | Got a demonic rune of Zot
 87834 | Pan      | Received a gift from Okawaru
 88014 | Pan      | Received a gift from Okawaru
 89285 | Pan      | Identified the cursed +1 plate armour of Defence {rElec
                  | rN+}
 89285 | Pan      | Noticed a seraph
 89295 | Pan      | Killed a seraph
 89295 | Pan      | Received a gift from Okawaru
 89344 | Pan      | Identified the +1 pair of boots of the Evil One {+Fly rPois
                  | rF-} (Okawaru gifted it to you in Pandemonium)
 89358 | Pan      | Found a glowing golden altar of the Shining One.
 89802 | Pan      | Entered the realm of Gloorx Vloq.
 90125 | Pan      | Noticed Gloorx Vloq
 90150 | Pan      | Got a dark rune of Zot
 90203 | Pan      | Found an exit through the horrors of the Abyss.
 90295 | Pan      | Entered the realm of Mnoleg.
 90611 | Pan      | Noticed Mnoleg
 90639 | Pan      | Killed Mnoleg
 90657 | Pan      | Got a glowing rune of Zot
 90872 | Pan      | Found an exit through the horrors of the Abyss.
 90897 | Pan      | Received a gift from Okawaru
 90969 | Pan      | Noticed Tonai the pandemonium lord
 90996 | Pan      | Killed Tonai the pandemonium lord
 91086 | Pan      | Noticed Gloorx Vloq
 91126 | Pan      | Killed Gloorx Vloq
 91126 | Pan      | Received a gift from Okawaru
 91426 | Pan      | Entered the realm of Cerebov.
 91584 | Pan      | Received a gift from Okawaru
 92102 | Pan      | Found an exit through the horrors of the Abyss.
 92194 | Pan      | Got a scorched lead ring
 92196 | Pan      | Identified the ring "Arocup" {rF+ Str+6} (You found it in
                  | Pandemonium)
 92254 | Pan      | Identified Bano's Guide on Conjuration
 92292 | Pan      | Identified the +3 helmet of the Heavens {rF+} (You found it
                  | in Pandemonium)
 92342 | Pan      | Got a transparent brass amulet
 92343 | Pan      | Identified the amulet "Bekasic" {Spirit Int+5 SInv} (You
                  | found it in Pandemonium)
 92383 | Pan      | Identified the +6 sword of Cerebov {flame}
 92383 | Pan      | Noticed Cerebov
 92433 | Pan      | Killed Cerebov
 92433 | Pan      | Received a gift from Okawaru
 92576 | Pan      | Got a fiery rune of Zot
 92683 | Pan      | Received a gift from Okawaru
 92747 | Pan      | Found an exit through the horrors of the Abyss.
 92924 | Pan      | Found an exit through the horrors of the Abyss.
 92968 | Pan      | Noticed Lygostim the pandemonium lord
 92984 | Pan      | Killed Lygostim the pandemonium lord
 93090 | Pan      | Found an exit through the horrors of the Abyss.
 93205 | Pan      | Noticed Ykotid the pandemonium lord
 93222 | Pan      | Killed Ykotid the pandemonium lord
 93532 | Pan      | Entered the realm of Lom Lobon.
 93899 | Pan      | Received a gift from Okawaru
 94025 | Pan      | Noticed Lom Lobon
 94057 | Pan      | Killed Lom Lobon
 94057 | Pan      | Received a gift from Okawaru
 94089 | Pan      | Got a magical rune of Zot
 94403 | Pan      | Received a gift from Okawaru
 94441 | Pan      | Noticed Votoa the pandemonium lord
 94507 | Pan      | Killed Votoa the pandemonium lord
 95072 | Pan      | Found an exit through the horrors of the Abyss.
 95077 | Pan      | Noticed Xouw the pandemonium lord
 95080 | Pan      | Took an exit into the Abyss.
 95080 | Abyss:1  | Escaped into the Abyss
 95234 | Depths:3 | Escaped the Abyss
 96332 | Tomb:1   | Entered Level 1 of the Tomb of the Ancients
 96341 | Tomb:1   | Received a gift from Okawaru
 96341 | Tomb:1   | Noticed a greater mummy
 96343 | Tomb:1   | Noticed a greater mummy
 96345 | Tomb:1   | Noticed a greater mummy
 96370 | Tomb:1   | Killed a greater mummy
 96371 | Tomb:1   | Killed a greater mummy
 96371 | Tomb:1   | Received a gift from Okawaru
 96375 | Tomb:1   | Noticed a greater mummy
 96380 | Tomb:1   | Killed a greater mummy
 96384 | Tomb:1   | Noticed a greater mummy
 96390 | Tomb:1   | Killed a greater mummy
 96400 | Tomb:1   | Killed a greater mummy
 96408 | Tomb:1   | Noticed a greater mummy
 96418 | Tomb:1   | Killed a greater mummy
 96495 | Tomb:1   | Noticed a greater mummy
 96506 | Tomb:1   | Killed a greater mummy
 96539 | Tomb:1   | Noticed a greater mummy
 96545 | Tomb:1   | Killed a greater mummy
 96549 | Tomb:1   | Noticed a greater mummy
 96550 | Tomb:1   | Noticed a greater mummy
 96567 | Tomb:1   | Killed a greater mummy
 96574 | Tomb:1   | Killed a greater mummy
 96574 | Tomb:1   | Received a gift from Okawaru
 96612 | Tomb:1   | Noticed a greater mummy
 96622 | Tomb:1   | Killed a greater mummy
 96623 | Tomb:1   | Noticed a greater mummy
 96623 | Tomb:1   | Noticed a greater mummy
 96623 | Tomb:1   | Noticed a greater mummy
 96624 | Tomb:1   | Noticed a greater mummy
 96637 | Tomb:1   | Killed a greater mummy
 96637 | Tomb:1   | Received a gift from Okawaru
 96642 | Tomb:1   | Killed a greater mummy
 96651 | Tomb:1   | Killed a greater mummy
 96659 | Tomb:1   | Killed a greater mummy
 96662 | Tomb:1   | Noticed a greater mummy
 96672 | Tomb:1   | Killed a greater mummy
 96713 | Tomb:2   | Noticed an ancient lich
 96713 | Tomb:2   | Noticed a greater mummy
 96722 | Tomb:2   | Noticed a greater mummy
 96831 | Tomb:2   | Noticed a greater mummy
 96847 | Tomb:2   | Killed a greater mummy
 96926 | Tomb:2   | Killed an ancient lich
 96999 | Tomb:1   | Noticed an ancient lich
 97016 | Tomb:1   | Killed an ancient lich
 97016 | Tomb:1   | Received a gift from Okawaru
 97016 | Tomb:1   | Reached skill level 27 in Armour
 97022 | Tomb:1   | Noticed a greater mummy
 97028 | Tomb:1   | Noticed a greater mummy
 97029 | Tomb:1   | Killed a greater mummy
 97038 | Tomb:1   | Killed a greater mummy
 97538 | Tomb:1   | Found the amulet of the Air {Inacc +Fly rElec EV+5 RMsl}
 98143 | Tomb:2   | Received a gift from Okawaru
 98162 | Tomb:2   | Killed a greater mummy
 98276 | Tomb:2   | Killed a greater mummy
 99078 | Tomb:2   | Received a gift from Okawaru
 99321 | Tomb:3   | Entered Level 3 of the Tomb of the Ancients
 99337 | Tomb:3   | Received a gift from Okawaru
 99341 | Tomb:3   | Found the +8 mithril axe "Arga" {speed, MR+}
 99379 | Tomb:3   | Noticed a greater mummy
 99402 | Tomb:3   | Noticed a greater mummy
 99404 | Tomb:3   | Noticed a greater mummy
 99407 | Tomb:3   | Killed a greater mummy
 99487 | Tomb:3   | Noticed a greater mummy
 99504 | Tomb:3   | Killed a greater mummy
 99527 | Tomb:3   | Killed a greater mummy
 99527 | Tomb:3   | Received a gift from Okawaru
 99567 | Tomb:3   | Received a gift from Okawaru
 99731 | Tomb:3   | Noticed a greater mummy
 99737 | Tomb:3   | Killed a greater mummy
 99746 | Tomb:3   | Killed a greater mummy
 99747 | Tomb:3   | Noticed a greater mummy
 99752 | Tomb:3   | Killed a greater mummy
 99755 | Tomb:3   | Noticed a greater mummy
 99765 | Tomb:3   | Killed a greater mummy
 99765 | Tomb:3   | Received a gift from Okawaru
 99778 | Tomb:3   | Noticed a greater mummy
 99784 | Tomb:3   | Killed a greater mummy
 99786 | Tomb:3   | Noticed a greater mummy
 99790 | Tomb:3   | Killed a greater mummy
100068 | Tomb:3   | Identified the Incunabulum of Slavery
100094 | Tomb:3   | Got a slimy emerald amulet
100095 | Tomb:3   | Identified the amulet of Grace {Reflect rElec MR+++ MP+9
                  | Dex+4 SH+5} (You found it on level 3 of the Tomb of the
                  | Ancients)
100401 | Tomb:3   | Got a golden rune of Zot
101256 | Zot:5    | Got the Orb of Zot
101451 | Depths:5 | Noticed a seraph
101534 | Depths:4 | Noticed Migototu the pandemonium lord
101542 | Depths:4 | Killed Migototu the pandemonium lord
101655 | Depths:1 | Noticed Boris
101660 | Depths:1 | Killed Boris
102058 | D:1      | Noticed Weijos the pandemonium lord
102077 | D:1      | Killed Weijos the pandemonium lord
102131 | D:$      | Escaped with the Orb!

Illustrated notes

Levels and vault maps discovered:
D:1:      sevenhm_arrival_forest_fort_large_1, layout_basic, minmay_crystal_room
D:2:      layout_loops_ring, lemuel_crystal_altar
D:3:      minmay_wonky_spiral, layout_basic, first_ration
D:4:      layout_basic, kiku_gazebo_garden_becter, grunt_gozag_statues,
          kennysheep_slug_shrine, ebering_ghost_reflecting_pool
D:5:      layout_basic, minmay_temple_entry_sparse_star, serial_shops, shop,
          roderic_serpentine_path
D:6:      layout_basic
D:7:      layout_loops_cross
D:8:      layout_basic, lemuel_angel_altar
D:9:      layout_roguey, gammafunk_temple_overflow_elements, serial_shops, shop,
          david_nohive_1, minivault_25_ag
D:10:     cheibrodos_orc_bank, layout_long_grid, dpeg_lair_monsters,
          serial_shops, shop
D:11:     layout_basic, serial_shops, shop, special_room [special_room_orc]
D:12:     cheibrodos_shockbox, layout_irregular_city, orc_0_dummy
D:13:     layout_basic
D:14:     layout_roguey, grunt_vaults_entry_tiered, kennysheep_cross_room
D:15:     gammafunk_depths_entry_grave, layout_basic, dk_noncrumbling_4,
          special_room [special_room_bee]
Temple:   lightli_temple_of_artemis
Lair:1:   layout_concentric_octagons, grunt_megastairs_2,
          infiniplex_staircase_pool, serial_bayou_shore_a, uniq_grum,
          uniq_harold
Lair:2:   layout_misc_corridors, nicolae_quartered_pool_super
Lair:3:   layout_long_grid, serial_bayou_shore_b, uniq_snorg
Lair:4:   layout_misc_corridors, elwin_shoals_entry_stream,
          guppyfry_snake_entry_garden
Lair:5:   layout_cellular_growth, slime_altar_1, gauntlet_entry_generic,
          lemuel_fruit_fields
Lair:6:   grunt_lair_end_beastmaster, layout_misc_corridors,
          ebering_ghost_rock_garden, serial_bayou_lake_a
Shoals:1: layout_shoals, uniq_jorgrun
Shoals:2: layout_shoals
Shoals:3: layout_shoals, serial_shops, shop, shop
Shoals:4: shoals_end_hangedman, layout_shoals
Snake:1:  layout_misc_corridors, drop_trap, st_stairs_5, serial_bayou_ford_a,
          hangedman_snake_pattern, corexii_hall_statues_i,
          nicolae_snake_squiggles, nicolae_barding_shop, uniq_roxanne
Snake:2:  layout_basic, serial_shops, shop
Snake:3:  layout_cave_town, serial_shops, nicolae_shop_crystal, drop_trap,
          grunt_megastairs_4
Snake:4:  johnstein_snake_rune_scales, layout_grid_shapes, minmay_shoptagon,
          uniq_aizul
Slime:1:  layout_caves, nicolae_slime_barrier
Slime:2:  layout_caves
Slime:3:  layout_caves
Slime:4:  layout_caves, uniq_dissolution
Slime:5
Orc:1:    layout_diamond_mine, enter_bailey_7
Orc:2:    grunt_orc_cross, layout_caves, uniq_josephine, uniq_nessos
Elf:1:    layout_gridlike, kennysheep_underground_church, grunt_megastairs_1,
          uniq_louise
Elf:2:    layout_geoelf_octagon
Elf:3:    minmay_elf_hall_curves, layout_geoelf_castle, basic_altar,
          corexii_leaking_fountain
Vaults:1: nicolae_vaults_minivaults, v_misc_16, hangedman_vaults_stitches,
          nicolae_vaults_big_ls, v_misc_13, dpeg_vaults_monster_box,
          hangedman_vaults_locks, nicolae_vaults_asterisk,
          vaults_room_door_ring, nicolae_vaults_little_squares_3,
          layout_vaults_chaotic_city
Vaults:2: v_misc_13, hangedman_vaults_stream, vaults_mumra_hexcomb,
          ontoclasm_vaults_ring_square, v_pattern_3, vaults_room_semicircle,
          nicolae_vaults_little_squares_6, vaults_mumra_hex,
          nicolae_vaults_little_squares_6, nicolae_vaults_network_square,
          vaults_dpeg_diagonal, hangedman_vaults_trim,
          nicolae_vaults_ring_of_whatevers, ontoclasm_vaults_hangar,
          layout_vaults_ring, uniq_mara, uniq_margery
Vaults:3: ontoclasm_vaults_decontamination, hangedman_vaults_variations,
          nicolae_vaults_what_the_h, minmay_crypt_entry_simple_box,
          vaults_mumra_minichess, v_rooms_5, dpeg_vaults_monster_row,
          nicolae_vaults_hallways_thing, v_misc_17, v_misc_10, v_misc_19,
          nicolae_vaults_little_squares_6, v_alt_pattern_4,
          vaults_dpeg_encased_lava, vaults_room_pools,
          grunt_vaults_hallway_short, layout_vaults_maze_bifur, serial_shops,
          bzr_entry_customers
Vaults:4: v_alt_pattern_4, nicolae_vaults_diagonal_hallway_7,
          vaults_room_mumra_shop_pool, vaults_room_door_hall,
          ontoclasm_vaults_shuriken, layout_vaults_omnigrid
Vaults:5: uniq_saint_roka
Crypt:1:  minmay_guarded_unrand_sceptre_of_torment, layout_gridlike
Crypt:2:  layout_gridlike, serial_sigils_hangedman_scratch,
          roderic_lattice_octagonal_star
Crypt:3:  quadcrypt_mu, uniq_boris
Tomb:1
Tomb:2
Tomb:3
Depths:1: layout_roguey, minmay_misc_feat_chi, hell_entry,
          hangedman_abyss_or_decor_slice, kennysheep_opposing_triangles,
          serial_bayou_shore_b
Depths:2: minmay_roctagon, layout_basic, serial_bayou_shore_b,
          grunt_hell_entry_dis_old, infiniplex_staircase_zigzag_5
Depths:3: grunt_twist_and_shout, layout_basic, lightli_too_deep,
          rand_demon_pan_entry_7, chequers_serial_rivers_marsh, uniq_jory
Depths:4: minmay_cut_squares, layout_basic, hangedman_abyss_entry_splay,
          pf_hell_entry_tar_river, infiniplex_staircase_zigzag_2
Depths:5: evilmike_zot_entry_diamond, layout_gridlike, enter_ziggurat_f,
          hellmouth_1
Hell
Dis:1:    layout_regular_city, grunt_dis_stairs_iron_hall
Dis:2:    layout_gridville
Dis:3:    hangedman_dis_monolith, layout_regular_city, hangedman_dis_chains,
          nicolae_dis_iron_filings
Dis:4:    layout_subdivisions
Dis:5:    layout_subdivisions
Dis:6:    layout_regular_city
Dis:7:    dis_st
Geh:1:    layout_gehenna_lava_caves
Geh:2:    layout_gehenna_lava_caves, lemuel_elevator
Geh:3:    layout_gehenna_pools_box
Geh:4:    layout_gehenna_lava_caves
Geh:5:    layout_gehenna_lava_caves
Geh:6:    layout_gehenna_pools_box
Geh:7:    geh_old
Coc:1:    layout_ice_bergs
Coc:2:    layout_ice_bergs
Coc:3:    layout_ice_bergs
Coc:4:    layout_cocytus_water_paths
Coc:5:    layout_cocytus_water_paths
Coc:6:    layout_ice_bergs
Coc:7:    coc_grunt
Tar:1:    layout_cathedral_of_symmetry, nicolae_tar_cuneiform_sun
Tar:2:    layout_cathedral_of_symmetry, door_vault
Tar:3:    layout_grid_maze
Tar:4:    layout_cathedral_of_symmetry, nicolae_tar_cuneiform_sun,
          nicolae_tar_cuneiform_bird
Tar:5:    layout_grid_maze, nicolae_tar_cuneiform_bird
Tar:6:    minmay_shadows, layout_cathedral_of_symmetry
Tar:7:    tar_grunt_cathedral
Zot:1:    layout_misc_corridors, gammafunk_ghost_grave, zot_minivault_1
Zot:2:    layout_misc_corridors
Zot:3:    layout_gridville, st_stairs_14
Zot:4:    layout_cellular_growth
Zot:5:    layout_misc_corridors

Skill      XL: |  1  2  3  4  5  6  7  8  9 10 11 12 13 14 15 16 17 18 19 20 21 22 23 24 25 26 27 |
---------------+----------------------------------------------------------------------------------+-----
Throwing       | 1 2 3 4 5 6 7 8 9 10 20 | 20.0
Armour         | 1 2 3 4 5 6 7 8 10 12 13 14 15 16 17 18 27 | 27.0
Dodging        | 3 5 6 7 24 | 24.9
Shields        | 1 2 3 4 6 7 8 9 10 11 12 13 14 15 25 | 25.0
Unarmed Combat | 4 5 6 7 8 10 11 12 13 15 17 18 19 20 21 22 23 24 25 26 27 | 27.0
Fighting       | 4 5 6 7 8 9 10 11 12 13 14 15 16 17 18 19 20 27 | 27.0
Invocations    | 2 3 5 6 7 9 |  9.0
Evocations     | 3 5 7 8 9 10 11 12 22 | 22.4
Stealth        | |  2.1

Action                   |  1- 3 |  4- 6 |  7- 9 | 10-12 | 13-15 | 16-18 | 19-21 | 22-24 | 25-27 || total
-------------------------+-------+-------+-------+-------+-------+-------+-------+-------+-------++-------
Melee: Unarmed           |    75 |   270 |   370 |   597 |   960 |   998 |   523 |  1930 | 11141 || 16864
Throw: Boomerang         |     1 |     5 |     5 |    11 |       |    59 |     9 |    13 |       ||   103
       Dart              |       |       |     4 |    21 |     3 |       |       |     1 |     3 ||    32
       Javelin           |       |       |       |     9 |     9 |    24 |    39 |    71 |   489 ||   641
       Throwing net      |       |       |       |       |       |       |     1 |       |       ||     1
Invok: Heroism           |       |       |     4 |    14 |    27 |    27 |     8 |    27 |   146 ||   253
       Finesse           |       |       |       |     2 |     7 |     5 |     4 |     4 |    55 ||    77
 Abil: Evoke Invisibilit |       |       |       |     2 |     1 |     1 |       |       |       ||     4
Evoke: Wand              |       |       |       |     3 |     4 |    35 |     2 |    11 |    34 ||    89
       Phial of floods   |       |       |       |     1 |       |       |       |     3 |     2 ||     6
       Tin of tremorston |       |       |       |     3 |     7 |    12 |     3 |    13 |   110 ||   148
       Box of beasts     |       |       |       |       |       |       |       |     4 |       ||     4
  Use: Scroll            |       |     5 |     8 |    12 |     7 |     9 |     7 |     8 |    74 ||   130
       Potion            |       |       |       |     2 |       |       |     4 |     2 |    16 ||    24
 Stab: Invisible         |       |       |       |     8 |       |       |       |       |       ||     8
       Sleeping          |       |       |       |     1 |       |       |       |       |       ||     1
       Paralysed         |       |       |       |       |     5 |    11 |       |       |       ||    16
       Petrified         |       |       |       |       |     1 |       |       |       |       ||     1
       Held in net/web   |       |       |       |       |       |       |     2 |       |       ||     2
       Distracted        |       |       |       |       |       |       |       |       |     1 ||     1
  Eat: Chunk             |     7 |     6 |    19 |    66 |   120 |   130 |    15 |   126 |   535 ||  1024
       Ration            |       |       |       |       |       |     2 |     7 |       |     6 ||    15
Armor: Ring mail         |    33 |    19 |       |    74 |       |       |       |       |       ||   126
       Robe              |     1 |       |       |       |       |       |       |       |       ||     1
       Chain mail        |       |   110 |    33 |       |    97 |   150 |       |       |       ||   390
       Plate armour      |       |       |   189 |   100 |       |       |    29 |   436 |   661 ||  1415
       Scale mail        |       |       |       |    78 |   224 |    71 |       |       |       ||   373
       Crystal plate arm |       |       |       |       |       |   220 |   214 |       |       ||   434
       Gold dragon scale |       |       |       |       |       |       |       |       |  3191 ||  3191
Dodge: Dodged            |    49 |   107 |   124 |   301 |   395 |   378 |   129 |   279 |  3134 ||  4896
Block: Buckler           |    11 |    44 |    56 |   192 |   348 |       |       |       |       ||   651
       Kite shield       |       |       |       |       |   121 |   981 |   385 |   161 |       ||  1648
       Reflection        |       |       |       |       |    23 |   155 |    39 |   162 |   235 ||   614
       Tower shield      |       |       |       |       |       |       |       |  1525 | 11410 || 12935

Table legend:
 A = Non-vault XP
 B = Vault XP
 C = Vault XP percentage of total XP
 D = Non-vault monster count
 E = Vault monster count
 F = Vault count percentage of total count
                 A         B        C        D         E       F
            +---------+---------+-------+---------+---------+-------
      Total | 2098035 | 1883486 |  47.3 |    3265 |    1596 |  32.8
            +---------+---------+-------+---------+---------+-------
        D:1 |     136 |       3 |   2.2 |      28 |       3 |   9.7
        D:2 |      67 |       0 |   0.0 |      23 |       0 |   0.0
        D:3 |      42 |      10 |  19.2 |      16 |       4 |  20.0
        D:4 |     338 |     359 |  51.5 |      25 |       2 |   7.4
        D:5 |     832 |       0 |   0.0 |      16 |       0 |   0.0
        D:6 |     408 |       0 |   0.0 |       6 |       0 |   0.0
        D:7 |     659 |       0 |   0.0 |      17 |       0 |   0.0
        D:8 |    2668 |       0 |   0.0 |      41 |       0 |   0.0
        D:9 |    2450 |    1188 |  32.7 |      16 |      15 |  48.4
       D:10 |    3345 |    3727 |  52.7 |      31 |      27 |  46.6
       D:11 |    4223 |     724 |  14.6 |      52 |      20 |  27.8
       D:12 |    3288 |     760 |  18.8 |      22 |       1 |   4.3
       D:13 |    9361 |       0 |   0.0 |      32 |       0 |   0.0
       D:14 |   12121 |    8819 |  42.1 |      47 |      25 |  34.7
       D:15 |   29023 |    6900 |  19.2 |      57 |      33 |  36.7
     Lair:1 |    3436 |    2160 |  38.6 |      14 |       8 |  36.4
     Lair:2 |    3392 |       0 |   0.0 |      12 |       0 |   0.0
     Lair:3 |    6953 |    1123 |  13.9 |      27 |       1 |   3.6
     Lair:4 |   13553 |    2026 |  13.0 |      40 |       6 |  13.0
     Lair:5 |   16157 |       0 |   0.0 |      40 |       0 |   0.0
     Lair:6 |    8374 |   11365 |  57.6 |      28 |      20 |  41.7
   Shoals:1 |   15287 |    3040 |  16.6 |      30 |       1 |   3.2
   Shoals:2 |   19353 |       0 |   0.0 |      40 |       0 |   0.0
   Shoals:3 |   10878 |       0 |   0.0 |      21 |       0 |   0.0
   Shoals:4 |   13038 |   25337 |  66.0 |      27 |      35 |  56.5
    Snake:1 |   20560 |    3484 |  14.5 |      41 |       5 |  10.9
    Snake:2 |   17229 |       0 |   0.0 |      35 |       0 |   0.0
    Snake:3 |   17727 |    8711 |  32.9 |      32 |      18 |  36.0
    Snake:4 |   14877 |   24564 |  62.3 |      22 |      50 |  69.4
    Slime:1 |    5059 |       0 |   0.0 |      13 |       0 |   0.0
    Slime:2 |    9500 |       0 |   0.0 |       7 |       0 |   0.0
    Slime:3 |   25134 |       0 |   0.0 |      40 |       0 |   0.0
    Slime:4 |   18285 |   16385 |  47.3 |      29 |       3 |   9.4
    Slime:5 |    7830 |   30001 |  79.3 |       9 |      12 |  57.1
      Orc:1 |    1621 |      56 |   3.3 |      15 |       4 |  21.1
      Orc:2 |    4922 |   11770 |  70.5 |      40 |      41 |  50.6
      Elf:1 |   14782 |    6198 |  29.5 |      26 |       9 |  25.7
      Elf:2 |   11100 |   24774 |  69.1 |      19 |      32 |  62.7
      Elf:3 |    9694 |   36327 |  78.9 |      16 |      28 |  63.6
   Vaults:1 |   10775 |   36353 |  77.1 |      21 |      59 |  73.8
   Vaults:2 |   12650 |   39875 |  75.9 |      22 |      44 |  66.7
   Vaults:3 |   28389 |   23200 |  45.0 |      53 |      38 |  41.8
   Vaults:4 |   51945 |   48553 |  48.3 |      69 |      40 |  36.7
   Vaults:5 |   35269 |  106576 |  75.1 |      35 |      70 |  66.7
    Crypt:1 |   42506 |   21213 |  33.3 |      50 |       5 |   9.1
    Crypt:2 |   24784 |     415 |   1.6 |      38 |       1 |   2.6
    Crypt:3 |       0 |   68333 | 100.0 |       0 |      75 | 100.0
     Tomb:1 |   16132 |  159180 |  90.8 |      29 |      49 |  62.8
     Tomb:2 |   20184 |  104705 |  83.8 |      37 |     107 |  74.3
     Tomb:3 |   20420 |   98933 |  82.9 |      36 |      68 |  65.4
   Depths:1 |   21098 |    3262 |  13.4 |      33 |       4 |  10.8
   Depths:2 |   33144 |    6243 |  15.9 |      40 |       7 |  14.9
   Depths:3 |   44746 |   14633 |  24.6 |      60 |      10 |  14.3
   Depths:4 |   52229 |   40444 |  43.6 |      71 |      46 |  39.3
   Depths:5 |   25883 |   20588 |  44.3 |      38 |      14 |  26.9
       Hell |   16644 |   19180 |  53.5 |      21 |      26 |  55.3
      Dis:2 |    3917 |       0 |   0.0 |       4 |       0 |   0.0
      Dis:3 |     994 |       0 |   0.0 |       3 |       0 |   0.0
      Dis:4 |   13925 |       0 |   0.0 |      26 |       0 |   0.0
      Dis:5 |   14164 |       0 |   0.0 |      30 |       0 |   0.0
      Dis:6 |    2026 |       0 |   0.0 |       3 |       0 |   0.0
      Dis:7 |   25318 |   71657 |  73.9 |      33 |      45 |  57.7
      Geh:1 |   10634 |       0 |   0.0 |      11 |       0 |   0.0
      Geh:2 |   26871 |       0 |   0.0 |      57 |       0 |   0.0
      Geh:3 |   17423 |       0 |   0.0 |      43 |       0 |   0.0
      Geh:4 |   17318 |       0 |   0.0 |      21 |       0 |   0.0
      Geh:5 |   12479 |       0 |   0.0 |      23 |       0 |   0.0
      Geh:6 |   16389 |       0 |   0.0 |      33 |       0 |   0.0
      Geh:7 |   52572 |   54178 |  50.8 |      99 |      40 |  28.8
      Coc:1 |   12481 |       0 |   0.0 |      27 |       0 |   0.0
      Coc:3 |   31410 |       0 |   0.0 |      41 |       0 |   0.0
      Coc:4 |   37025 |       0 |   0.0 |      43 |       0 |   0.0
      Coc:5 |    4615 |       0 |   0.0 |       9 |       0 |   0.0
      Coc:6 |   12726 |       0 |   0.0 |      19 |       0 |   0.0
      Coc:7 |   67746 |   62650 |  48.0 |      72 |      54 |  42.9
      Tar:1 |     765 |       0 |   0.0 |       4 |       0 |   0.0
      Tar:2 |   11889 |       0 |   0.0 |      17 |       0 |   0.0
      Tar:3 |   27032 |       0 |   0.0 |      41 |       0 |   0.0
      Tar:4 |   46360 |       0 |   0.0 |      55 |       0 |   0.0
      Tar:5 |   56494 |       0 |   0.0 |      63 |       0 |   0.0
      Tar:6 |   39772 |   12124 |  23.4 |      39 |      23 |  37.1
      Tar:7 |   54061 |  119081 |  68.8 |      56 |      56 |  50.0
      Zot:1 |   82034 |   30815 |  27.3 |      46 |      14 |  23.3
      Zot:2 |   39045 |       0 |   0.0 |      21 |       0 |   0.0
      Zot:3 |   20423 |     512 |   2.4 |      10 |       1 |   9.1
      Zot:4 |   75541 |       0 |   0.0 |      46 |       0 |   0.0
      Zot:5 |   40137 |  184917 |  82.2 |      18 |      43 |  70.5
    Abyss:1 |   21392 |    3629 |  14.5 |      17 |       6 |  26.1
    Abyss:2 |   80104 |    2492 |   3.0 |     140 |       3 |   2.1
    Abyss:3 |   29379 |       0 |   0.0 |      33 |       0 |   0.0
    Abyss:4 |   42785 |    7818 |  15.4 |      79 |       8 |   9.2
        Pan |  236289 |  285944 |  54.8 |     278 |     204 |  42.3
     Bailey |       0 |    2111 | 100.0 |       0 |      26 | 100.0
   Gauntlet |       0 |    4061 | 100.0 |       0 |       7 | 100.0
            +---------+---------+-------+---------+---------+-------
